 Dungeon Crawl Stone Soup version 0.17-a0-1635-gd4e48f1 (webtiles) character file.

2036 urechis the Grappler (level 9, 85/88 HPs)
             Began as a Troll Warper on Aug 4, 2015.
             Quit the game on level 6 of the Dungeon.
             The game lasted 00:10:08 (6362 turns).

urechis the Grappler (Troll Warper)                 Turns: 6362, Time: 00:10:08

Health: 85/88      AC:  5    Str: 21    XL:     9   Next: 4%
Magic:  9/9        EV: 10    Int:  9    God:
Gold:   325        SH:  0    Dex: 12    Spells: 2 memorised, 7 levels left

rFire  . . .     SeeInvis .       - Unarmed
rCold  . . .     Clarity  .     a - +0 robe
rNeg   . . .     SustAt   .     (no shield)
rPois  .         Gourm    +     (helmet restricted)
rElec  .         Spirit   .     (no cloak)
rCorr  .         Warding  .     (gloves unavailable)
rMut   .         Stasis   .     (boots unavailable)
MR     .....                    (no amulet)
Stlth  ++........               (no ring)
                                (no ring)

@: not resistant to hostile enchantments, unstealthy
A: unfitting armour, claws 3, fast metabolism 3, gourmand, regeneration 2,
shaggy fur 1, tough skin 2
a: no special abilities


You were on level 6 of the Dungeon.
You were not hungry.

You visited 1 branch of the dungeon, and saw 6 of its levels.
You also visited: Sewer.

You collected 325 gold pieces.

Inventory:

Hand weapons
 b - a +0 blowgun
Missiles
 d - 5 tomahawks of dispersal (quivered)
 f - a throwing net
 t - 16 poisoned needles
Armour
 a - a +0 robe (worn)
Magical devices
 y - a wand of lightning (5)
Scrolls
 c - 3 scrolls of blinking
 g - 3 scrolls of teleportation {unknown}
 h - a scroll of amnesia {unknown}
 i - 8 scrolls of remove curse {unknown}
 j - 12 scrolls of identify {unknown}
 k - 2 scrolls of enchant weapon {unknown}
 m - 2 scrolls of recharging {unknown}
 n - a scroll of enchant armour {unknown}
 p - a scroll of random uselessness {unknown}
 w - a scroll of magic mapping {unknown}
 x - a scroll of vulnerability {unknown}
 D - a scroll of fear {unknown}
Potions
 l - 2 potions of poison {unknown}
 o - a potion of lignification
 q - a potion of flight {unknown}
 r - 3 potions of degeneration {unknown}
 u - 4 potions of brilliance {unknown}
 v - 7 potions of heal wounds {unknown}
 z - 4 potions of curing {unknown}
 A - a potion of might {unknown}
Books
 s - a book of Spatial Translocations

   Spells                             Type                      Level
   a - Apportation                    Translocation                1
   b - Blink                          Translocation                2
   c - Shroud of Golubria             Charms/Translocation         2
   d - Portal Projectile              Translocation                3
   e - Teleport Other                 Translocation                3
   f - Passage of Golubria            Translocation                4
Comestibles
 e - 4 bread rations
 B - 3 meat rations
 C - a beef jerky


   Skills:
 - Level 5.0 Fighting
 - Level 0.8 Throwing
 - Level 1.9 Dodging
 - Level 2.1 Stealth
 - Level 10.0 Unarmed Combat
 - Level 1.2 Spellcasting
 - Level 2.1 Translocations


You had 7 spell levels left.
You knew the following spells:

 Your Spells              Type           Power        Failure   Level  Hunger
a - Apportation           Tloc           #.........   14%         1    ##.....
b - Blink                 Tloc           N/A          21%         2    ###....


Dungeon Overview and Level Annotations

Branches:
Dungeon (6/15)
 Temple: D:4-7

Altars:
Fedhas
Nemelex Xobeh
Qazlal
Ru
Xom
Yredelemnul

Annotations:
D:6 exclusion: oklob plant


Innate Abilities, Weirdness & Mutations

You are too large for most types of armour.
You have claws for hands.
Your metabolism is lightning-fast.
You like to eat raw meat.
You heal very quickly.
You are covered in fur (AC +1).
You have very tough skin (AC +2).


Message History

You claw the ooze!
The ooze is almost dead.
The ooze hits you.
You scratch the ooze but do no damage.
The ooze is almost dead.
The ooze hits you.
You claw the ooze!
You kill the ooze!
You swing at nothing.
You swing at nothing.
You swing at nothing.
You swing at nothing.
You scratch the jelly.
Your claws burn!
The jelly is lightly wounded.
The jelly hits you but does no damage.
You mangle the jelly!!
You kill the jelly!
Your Unarmed Combat skill increases to level 10!
Read which item? (? for menu, Esc to quit)
Are you sure you want to abandon this character and quit the game? (Confirm with "yes".)

#...........# #J..#
#.#############JJJJJP
#.............'.PPPJJ
###########..##PJJJJJ
#.##


#JPJ# #.# ### #.# #.# #@# ### There were no monsters in sight!

Vanquished Creatures
  The ghost of emiel the Magician, an experienced CeWz (D:4)
  The ghost of Zebura the Shield-Bearer, an average FoFi (D:5)
  The ghost of Alipheese the Skirmisher, an average NaMo (D:3)
  2 centaurs (D:5)
  2 orc warriors (D:5)
  2 big kobolds (Sewer)
  A centaur zombie (D:5)
  A hound (D:5)
  4 orc wizards
  3 jellies (D:6)
  2 orc priests (D:5)
  Jessica (D:3)
  4 worker ants
  Natasha (thrice) (D:4)
  A killer bee zombie (D:6)
  3 gnolls (D:3)
  9 river rats
  15 adders
  A shadow imp (D:5)
  7 oozes
  4 worms
  11 orcs
  10 bats
  7 giant cockroaches
  10 goblins
  11 hobgoblins
  3 jackals (D:4)
  25 kobolds
  A quokka (D:5)
  6 ball pythons
  3 giant geckos
  8 giant newts
  A quokka skeleton (D:4)
  32 rats
196 creatures vanquished.

Vanquished Creatures (others)
  5 fungi (D:6)
5 creatures vanquished.

Grand Total: 201 creatures vanquished

Notes
Turn   | Place    | Note
--------------------------------------------------------------
     0 | D:1      | urechis the Troll Warper began the quest for the Orb.
     0 | D:1      | Reached XP level 1. HP: 19/19 MP: 1/1
   158 | D:1      | Reached XP level 2. HP: 28/28 MP: 2/2
   514 | D:1      | Reached skill level 3 in Unarmed Combat
   750 | D:2      | Found a sparkling altar of Nemelex Xobeh.
   756 | D:2      | Reached XP level 3. HP: 25/35 MP: 3/3
   800 | D:2      | Found a blossoming altar of Fedhas.
  1090 | D:2      | Reached XP level 4. HP: 33/42 MP: 4/4
  1098 | D:2      | Learned a level 2 spell: Blink
  1201 | D:2      | Found a faded altar to an unknown god.
  1341 | D:2      | Reached skill level 4 in Unarmed Combat
  1689 | D:3      | Noticed Alipheese's ghost (average NaMo)
  1719 | D:3      | Killed Alipheese's ghost
  1719 | D:3      | Reached skill level 5 in Unarmed Combat
  1719 | D:3      | Reached XP level 5. HP: 14/52 MP: 5/5
  1743 | D:3      | Reached XP level 6. HP: 26/59 MP: 6/6
  1958 | D:3      | Noticed Jessica
  1965 | D:3      | Killed Jessica
  2134 | D:3      | Reached skill level 6 in Unarmed Combat
  2152 | D:3      | Found a glowing drain.
  2160 | Sewer    | Entered a sewer
  2475 | Sewer    | Reached XP level 7. HP: 67/67 MP: 7/7
  2651 | Sewer    | Reached skill level 1 in Stealth
  2662 | Sewer    | Reached skill level 7 in Unarmed Combat
  2879 | D:3      | Found a stormy altar of Qazlal.
  3147 | D:4      | Found a shimmering altar of Xom.
  3207 | D:4      | Noticed Natasha
  3211 | D:4      | Killed Natasha
  3227 | D:4      | Noticed emiel's ghost (experienced CeWz)
  3255 | D:4      | Killed emiel's ghost
  3255 | D:4      | Reached XP level 8. HP: 34/78 MP: 8/8
  3851 | D:4      | Reached skill level 8 in Unarmed Combat
  3894 | D:4      | Noticed Natasha
  3900 | D:4      | Killed Natasha
  4388 | D:4      | Noticed Natasha
  4393 | D:4      | Killed Natasha
  4604 | D:4      | Found a shimmering altar of Xom.
  5130 | D:5      | Entered Level 5 of the Dungeon
  5145 | D:5      | Noticed Zebura's ghost (average FoFi)
  5157 | D:5      | Killed Zebura's ghost
  5270 | D:5      | Reached skill level 9 in Unarmed Combat
  5376 | D:5      | Found a basalt altar of Yredelemnul.
  5769 | D:5      | Found a stormy altar of Qazlal.
  6251 | D:6      | Found a sacrificial altar of Ru.
  6313 | D:6      | Noticed an oklob plant
  6318 | D:6      | Reached skill level 5 in Fighting
  6325 | D:6      | Reached XP level 9. HP: 88/88 MP: 9/9
  6361 | D:6      | Reached skill level 10 in Unarmed Combat
  6362 | D:6      | Quit the game

Vault maps used:
D:1:      minmay_arrival_doors, minmay_distorted
D:2:      fedhas_altar_2, lemuel_round_altar, ecumenical_altar_1
D:3:      nicolae_overflow_hidden_temple, portal_sewer_entry_e, uniq_jessica
D:4:      lemuel_crystal_altar, uniq_natasha
D:5:      basic_altar, first_bread, nicolae_qazlal_general_emergency
D:6:      lemuel_slime, nicolae_overflow_crystal_walls, temple_hall,
          elyvilon_altar_4
Sewer:    sewer_minmay_treatment

Action                   |  1- 3 |  4- 6 |  7- 9 || total
-------------------------+-------+-------+-------++-------
Melee: Unarmed           |   104 |   233 |   228 ||   565
 Cast: Blink             |       |     1 |       ||     1
  Use: Potion            |       |     1 |     1 ||     2
 Stab: Sleeping          |       |     4 |       ||     4
  Eat: Chunk             |     8 |    13 |    31 ||    52
       Fruit             |       |       |     4 ||     4
       Royal jelly       |       |       |     1 ||     1
